 Dungeon Crawl Stone Soup version 0.31-a0-460-g9e667d4245 (webtiles) character file.

Game seed: 8122072604825879041

1754 Midn8 the Skirmisher (level 8, -8/43 HPs)
             Began as a Deep Elf Shapeshifter on Aug 5, 2023.
             Was a Follower of Hepliaklqana.
             Mangled by a vampire mosquito (9 damage)
             ... on level 5 of the Dungeon.
             The game lasted 00:13:47 (4609 turns).

Midn8 the Skirmisher (Deep Elf Shapeshifter)        Turns: 4609, Time: 00:13:48

Health: -8/43      AC:  5    Str: 12    XL:     8   Next: 78%
Magic:  10/10      EV: 17    Int: 14    God:    Hepliaklqana [*.....]
Gold:   102        SH:  0    Dex: 17    Spells: 7/7 levels left

rFire   + . .        q - +1 sling (chaos)
rCold   . . .        (no shield)
rNeg    . . .        m - +0 ring mail
rPois   .            (helmet currently unavailable)
rElec   .            (cloak currently unavailable)
rCorr   .            (gloves currently unavailable)
SInv    .            (boots currently unavailable)
Will    .....        (no amulet)
Stlth   ++           d - ring of protection from fire
HPRegen 0.27/turn    l - +5 ring of evasion
MPRegen 0.12/turn

%: no passive effects
@: about to teleport, beast-form
A: beast (slay +3), reduced essence
a: Begin Untransformation, Renounce Religion, Recall Ancestor, Ancestor Identity


You were on level 5 of the Dungeon.
You worshipped Hepliaklqana.
Hepliaklqana was aware of your devotion.
You were a hulking beast.
You visited 1 branch of the dungeon, and saw 6 of its levels.

You collected 305 gold pieces.
You spent 203 gold pieces at shops.

Inventory:

Hand Weapons
 f - a +2 dagger of protection
 q - a +1 sling of chaos (weapon)
Missiles
 i - 15 poisoned darts
Armour
 a - a +0 animal skin
 g - a +0 pair of boots
 m - a +0 ring mail (worn)
Jewellery
 d - a ring of protection from fire (left hand)
 k - a ring of resist corrosion
 l - a +5 ring of evasion (right hand)
 r - an amulet of magic regeneration
Talismans
 c - a beast talisman (active)
Scrolls
 p - 3 scrolls of identify
 s - a scroll of noise {unknown}
 t - a scroll of teleportation
Potions
 b - a potion of magic {unknown}
 e - a potion of heal wounds
 h - a potion of mutation
 j - a potion of curing
 n - a potion of invisibility {unknown}
 o - 2 potions of might {unknown}
 u - a potion of enlightenment


   Skills:
 - Level 4.0 Fighting
 - Level 4.0 Short Blades
 + Level 9.1 Ranged Weapons
 - Level 5.0 Dodging
 - Level 3.0 Stealth
 - Level 2.4 Unarmed Combat
 - Level 5.0 Shapeshifting


You had 7 spell levels left.
You didn't know any spells.
Your spell library contained the following spells:

 Spells                   Type           Power      Damage    Failure   Level
 Slow                     Hex            0%         N/A       54%         1
 Confusing Touch          Hex            0%         N/A       89%         3
 Vampiric Draining        Necr           0%         2d6       89%         3


Dungeon Overview and Level Annotations

Branches:
Dungeon (6/15)             Temple (0/1) D:4

Altars:
Hepliaklqana
Nemelex Xobeh
Trog
Uskayaw

Shops:
D:4 **


Message History

You swap places.
HP bar #2 has departed this plane of existence.
You see here a water moccasin corpse.
The vampire mosquito barely misses you.
There is a stone staircase leading up here.
The vampire mosquito bites you!
The vampire mosquito draws strength from your injuries!
The vampire mosquito bites you.
The vampire mosquito draws strength from your injuries!
You climb upwards.
There is a stone staircase leading down here.
Okay, then.
You shoot a sling bullet.
The sling bullet hits the vampire mosquito.
The vampire mosquito is moderately damaged.
The vampire mosquito misses you.
The vampire mosquito closely misses you.
You shoot a sling bullet.
The sling bullet closely misses the vampire mosquito.
The vampire mosquito barely misses you. The vampire mosquito bites you.
The vampire mosquito draws strength from your injuries!
You shoot a sling bullet.
The sling bullet hits the vampire mosquito.
The sling bullet burns the vampire mosquito.
The vampire mosquito is moderately damaged.
The vampire mosquito bites you!
The vampire mosquito draws strength from your injuries!
The vampire mosquito bites you!
* * * LOW HITPOINT WARNING * * *
The vampire mosquito draws strength from your injuries!
As you read the scroll of teleportation, it crumbles to dust.
You feel strangely unstable. The vampire mosquito bites you.
* * * LOW HITPOINT WARNING * * *
The vampire mosquito draws strength from your injuries!
The vampire mosquito bites you.
* * * LOW HITPOINT WARNING * * *
The vampire mosquito draws strength from your injuries!
The vampire mosquito barely misses you. The vampire mosquito bites you!
You die...

#.......#...... ###########
##.####...##### ..........#
#.# ###...## #########.#
#####.#####.....# #.#
#...............# #.#
#.###.#####.....## #.# #>#
#.##.......... #####.# #y#
#....####.#### #...#.####
#h###..### #.#
#.#......###[.....######.####
#...#.#.#.##........^........
##)##..###.#......####...####
#.##.## ##..#.#..####.###
#.###.###.###......##.# #.#
##.#.###.#.....##.## #)#
##.....##.....#...## ######.#
######.#..........## #


You could see a vampire mosquito.

Vanquished Creatures
  A two-headed ogre (D:5)
  3 water moccasins
  2 ogres
  A phantom (D:5)
  2 scorpions
  2 hounds
  An orc priest (D:5)
  A sleepcap (D:5)
  2 iguanas (D:5)
  9 gnolls
  5 adders
  A white imp (D:5)
  An ufetubus (D:3)
  2 worms (D:2)
  2 dart slugs
  5 orcs
  12 bats
  5 endoplasms
  5 giant cockroaches
  6 goblins
  10 hobgoblins
  7 jackals (D:1)
  2 quokkas
  8 ball pythons
  4 kobolds
  6 rats
105 creatures vanquished.

Vanquished Creatures (collateral kills)
  An ice beast (D:5)
1 creature vanquished.

Vanquished Creatures (others)
  5 ancestors
5 creatures vanquished.

Grand Total: 111 creatures vanquished

Notes
Turn   | Place    | Note
-------+----------+-------------------------------------------
     0 | D:1      | Midn8 the Deep Elf Shapeshifter began the quest for the
                  | Orb.
     0 | D:1      | Reached XP level 1. HP: 11/11 MP: 3/3
   128 | D:1      | Reached skill level 1 in Stealth
   188 | D:1      | Reached XP level 2. HP: 16/16 MP: 4/4
   561 | D:1      | Reached skill level 1 in Short Blades
   842 | D:1      | Reached XP level 3. HP: 20/20 MP: 5/5
  1980 | D:3      | Found a bloodstained altar of Trog.
  2139 | D:3      | Reached XP level 4. HP: 24/24 MP: 6/6
  2199 | D:3      | Found a hazy altar of Hepliaklqana.
  2204 | D:3      | Became a worshipper of Hepliaklqana the Forgotten
  2583 | D:4      | Noticed a water moccasin
  2783 | D:3      | Reached XP level 5. HP: 19/28 MP: 7/7
  2927 | D:4      | Killed a water moccasin
  2928 | D:4      | Reached XP level 6. HP: 33/33 MP: 8/8
  2978 | D:4      | Found a staircase to the Ecumenical Temple.
  3067 | D:4      | Reached skill level 5 in Dodging
  3142 | D:4      | Reached skill level 1 in Fighting
  3212 | D:4      | Reached skill level 3 in Ranged Weapons
  3262 | D:4      | Reached * piety under Hepliaklqana
  3497 | D:4      | Found Qohazekh's General Store.
  3499 | D:4      | Found Fiat's Specific Store.
  3507 | D:4      | Bought a scroll of enchant weapon for 82 gold pieces
  3507 | D:4      | Bought a scroll of teleportation for 33 gold pieces
  3507 | D:4      | Bought a scroll of teleportation for 33 gold pieces
  3507 | D:4      | Bought a potion of enlightenment for 55 gold pieces
  3570 | D:5      | Entered Level 5 of the Dungeon
  3583 | D:5      | Reached skill level 4 in Ranged Weapons
  3583 | D:5      | Reached XP level 7. HP: 36/36 MP: 9/9
  3596 | D:5      | Noticed a two-headed ogre
  3658 | D:5      | Reached skill level 5 in Ranged Weapons
  4092 | D:5      | Reached skill level 6 in Ranged Weapons
  4181 | D:5      | Killed a two-headed ogre
  4182 | D:5      | Reached skill level 5 in Shapeshifting
  4182 | D:5      | Reached skill level 8 in Ranged Weapons
  4182 | D:5      | Reached XP level 8. HP: 39/39 MP: 10/10
  4470 | D:5      | Found a sparkling altar of Nemelex Xobeh.
  4471 | D:5      | Found a hide-covered altar of Uskayaw.
  4585 | D:6      | Reached skill level 9 in Ranged Weapons
  4594 | D:6      | Noticed a two-headed ogre
  4607 | D:5      | HP: 1/43 [vampire mosquito (6)]
  4609 | D:5      | Mangled by a vampire mosquito

Illustrated notes

Levels and vault maps discovered:
D:1:      zelgadis_glass_arrival_small, layout_loops_corners
D:2:      layout_basic, minmay_close_crescents
D:3:      layout_loops_cross, nicolae_hepliaklqana_hippocampus,
          lemuel_crystal_altar, serial_glass, glass_columns_c, glass_columns_c
D:4:      layout_cave_pools, temple_green, serial_glass, glass_columns_c,
          glass_columns_a, hangedman_abyss_or_decor_passed,
          minmay_misc_feat_roman, nicolae_specific_store, hex_medium
D:5:      layout_loops_ring, amethyst_overflow_temple_binary
D:6:      layout_gridville, mainiacjoe_overflow_surrounded_room,
          minmay_manual_monstrance

Skill      XL: |  1  2  3  4  5  6  7  8 |
---------------+-------------------------+-----
Stealth        | 2 3 |  3.0
Short Blades   | 1 2 4 |  4.0
Dodging        | 4 5 |  5.0
Fighting       | 2 4 |  4.0
Ranged Weapons | 4 8 9 |  9.1
Shapeshifting  | 5 |  5.0
Unarmed Combat | |  2.4

Action                     |  1- 3 |  4- 6 |  7- 9 || total
---------------------------+-------+-------+-------++-------
  Melee: Unarmed           |    10 |     5 |       ||    15
         Dagger            |   108 |   136 |    17 ||   261
         Punch             |     1 |       |       ||     1
   Fire: Sling             |       |    19 |    91 ||   110
  Throw: Dart              |       |     4 |       ||     4
 Invoke: Ancestor Identity |       |     1 |       ||     1
    Use: Scroll            |     5 |     2 |     4 ||    11
         Potion            |       |     1 |       ||     1
   Stab: Sleeping          |    14 |     2 |       ||    16
         Distracted        |     2 |       |       ||     2
 Armour: Animal skin       |    25 |       |       ||    25
         Ring mail         |     2 |    32 |     6 ||    40
         Skin              |       |     4 |       ||     4
  Dodge: Dodged            |    68 |   150 |    27 ||   245

Table legend: (Time is in decaauts)
 A = Elapsed time spent in this place.
 B = Non-inter-level travel time spent in this place.
 C = Inter-level travel time spent in this place.
 D = Time resting spent in this place.
 E = Time spent auto-exploring this place.
 F = Levels seen in this place.
 G = Mean time per level.
                   A        B        C        D        E       F      G
               +--------+--------+--------+--------+--------+-----+--------+
         Total |   4601 |   4268 |    333 |    430 |   2757 |   6 |  766.8 |
       Dungeon |   4601 |   4268 |    333 |    430 |   2757 |   6 |  766.8 |
               +--------+--------+--------+--------+--------+-----+--------+

Top non-repeatable levels by time:
     D:1: 1135 daAuts
     D:5: 967 daAuts
     D:3: 848 daAuts
     D:2: 838 daAuts
     D:4: 768 daAuts
     D:6: 42 daAuts
